 Dungeon Crawl Stone Soup version 0.25.1-1-g288607f5aa (webtiles) character file.

Game seed: 17736644906889732508

25 Descartes the Sneak (level 2, 0/12 HPs)
             Began as a Felid Wanderer on July 27, 2020.
             Slain by a hobgoblin
             ... wielding a +0 club
              (4 damage)
             ... on level 1 of the Dungeon.
             The game lasted 00:02:11 (1226 turns).

Descartes the Sneak (Felid Wanderer)                Turns: 1226, Time: 00:02:12

Health: 0/12       AC:  1    Str:  7    XL:     2   Next: 82%
Magic:  5/5        EV: 16    Int: 12    God:
Gold:   26         SH:  0    Dex: 17    Spells: 3/4 levels left
                                        Lives:  0   Deaths: 0

rFire    . . .     SeeInvis +     - Unarmed
rCold    . . .     Gourm    .   (shield unavailable)
rNeg     . . .     Faith    .   (armour unavailable)
rPois    .         Spirit   .   (helmet unavailable)
rElec    .         Reflect  .   (cloak unavailable)
rCorr    .         Harm     .   (gloves unavailable)
MR       .....                  (boots unavailable)
Stlth    +++.......             (no amulet)
HPRegen  0.04/turn              (no ring)
MPRegen  0.09/turn              (no ring)

@: quick
A: very small, no armour, no weapons or thrown items, stealth, claws 1, fangs 3,
see invisible, carnivore, speed 1, shaggy fur 1, slow metabolism 1, sharp paws
a: no special abilities


You were on level 1 of the Dungeon.
You were very full.

You visited 1 branch of the dungeon, and saw 2 of its levels.

You collected 26 gold pieces.

Inventory:

Missiles
 g - 21 stones
Scrolls
 a - a scroll of identify {unknown}
 b - a scroll of blinking {unknown}
 f - a scroll of remove curse {unknown}
Potions
 c - a potion of lignification
 e - a potion of might {unknown}
Comestibles
 d - 2 rations


   Skills:
 - Level 1.0 Fighting
 + Level 1.4 Dodging
 + Level 4.5 Stealth
 - Level 1.0 Unarmed Combat
 + Level 1.5 Spellcasting
   Level 1.2 Charms
 - Level 3.0 Ice Magic


You had 3 spell levels left.
You knew the following spells:

 Your Spells              Type           Power        Failure   Level  Hunger
a - Freeze                Ice            #...         9%          1    ##.....

Your spell library contained the following spells:

 Spells                   Type           Power        Failure   Level  Hunger
 Frozen Ramparts          Ice            #.....       26%         3    ####...
 Apportation              Tloc           #.....       28%         1    ##.....
 Ozocubu's Armour         Chrm/Ice       #.......     36%         3    ####...
 Lesser Beckoning         Tloc           #.........   65%         3    ####...
 Hailstorm                Conj/Ice       #.......     83%         4    #####..
 Summon Ice Beast         Ice/Summ       #.......     83%         4    #####..


Dungeon Overview and Level Annotations

Branches:
Dungeon (2/15)

Altars:


Innate Abilities, Weirdness & Mutations

You cannot wear armour.
You are incapable of wielding weapons or throwing items.
Your paws allow you to move quietly. (Stealth)
You have sharp claws.
You have razor-sharp teeth.
You have supernaturally acute eyesight. (SInv)
You are carnivorous and can eat meat at any time.
You cover ground quickly.
You are covered in fur. (AC +1)
You have a slow metabolism.
Your sharp claws are effective at attacking unaware monsters.


Message History

a +0 dagger; a +0 club
There is a stone staircase leading down here.
The hobgoblin shouts!
You climb downwards.
There is a stone staircase leading up here.
You start resting.
HP restored.
You climb upwards.
The hobgoblin hits you with a +0 club. The hobgoblin closely misses you.
There is a stone staircase leading down here.
You scratch the hobgoblin but do no damage.
The hobgoblin hits you with a +0 club.
You scratch the hobgoblin but do no damage.
You scratch the hobgoblin but do no damage.
You bite the hobgoblin, but do no damage.
The hobgoblin closely misses you.
You scratch the hobgoblin.
The hobgoblin is moderately wounded.
The hobgoblin hits you with a +0 club.
You die...

#.....#####.# ##......[....
#...........####.#......)...
##....#####.............รท...
###.#..............#.........
#.....##.###.####.......#####
#)#.#.##.# #.# ##.###..#
#.#....#.###)# #.# #..#
#.###..#.#...#####.###..#
#......#.#..@g..........#####
######.#.#..................#
#.#.##..##..#####......#
#.#..#..##..## #......#
#............# #.......
####.#..####.# ##.....#
#.#..# #.# ###.### #.#..# #.#
#.# #.#..# #.# #.#


You could see a hobgoblin.

Vanquished Creatures
  An adder (D:2)
  A leopard gecko (D:1)
  6 goblins (D:1)
  2 hobgoblins (D:1)
  A ball python (D:1)
  A kobold (D:1)
  3 rats (D:1)
15 creatures vanquished.

Notes
Turn   | Place    | Note
-------+----------+-------------------------------------------
     0 | D:1      | Descartes the Felid Wanderer began the quest for the Orb.
     0 | D:1      | Descartes set off with the following items: a potion of
                  | lignification, a ration; and the following spells available
                  | to memorise: Freeze, Apportation, Frozen Ramparts,
                  | Ozocubu's Armour, Lesser Beckoning, Hailstorm, Summon Ice
                  | Beast
     0 | D:1      | Reached XP level 1. HP: 9/9 MP: 3/3
     2 | D:1      | Learned a level 1 spell: Freeze
   570 | D:1      | Reached XP level 2. HP: 12/12 MP: 4/4
   635 | D:1      | Reached skill level 1 in Dodging
  1226 | D:1      | Slain by a hobgoblin

Illustrated notes

Levels and vault maps discovered:
D:1:      noname_arrival_rooms_in_the_neighbourhood, layout_loops_ring,
          chequers_serial_rivers_small_3
D:2:      layout_basic

Skill      XL: |  1  2 |
---------------+-------+-----
Dodging        | 1 |  1.4
Ice Magic      | 3 |  3.0
Fighting       | |  1.0
Stealth        | |  4.5
Unarmed Combat | |  1.0
Spellcasting   | |  1.5
Charms         | |  1.2

Action                   || total
-------------------------++-------
Melee: Unarmed           ||    34
       Bite              ||     3
 Cast: Freeze            ||     7
 Stab: Sleeping          ||     4
  Eat: Chunk             ||     6
Armor: Skin              ||     1
Dodge: Dodged            ||    33
